 Seeded DCSS version 0.30.1-9-gdf580d7c3d (webtiles) character file.

Game seed: 7229806256980976716 (custom seed)

2447 Psyclone the Geomancer (level 10, 75/75 HPs)
             Began as a Meteoran Earth Elementalist on Oct 16, 2023.
             Quit the game on level 6 of the Dungeon on Oct 17, 2023.
             The game lasted 00:14:36 (3181 turns).

Psyclone the Geomancer (MeEE)                       Turns: 3181, Time: 00:14:37

Health: 75/75      AC:  5    Str:  7    XL:     10   Next: 6%
Magic:  24/24      EV: 12    Int: 30    God:
Gold:   3927       SH:  0    Dex: 13    Spells: 22/28 levels left

rFire   . . .        p - staff of earth
rCold   . . .        (no shield)
rNeg    . . .        a - +0 robe
rPois   .            (no helmet)
rElec   .            (no cloak)
rCorr   .            n - +0 pair of gloves
SInv    .            (no boots)
Will    +....        (no amulet)
Stlth   +            (no ring)
HPRegen 0.32/turn    (no ring)
MPRegen 0.19/turn

%: no passive effects
@: glowing
A: sense surroundings 2, otherworldly, glowing, explore regen, iridescent scales
1, clever 2, robust 1, MP-powered wands, noise suppression
a: no special abilities


You were on level 6 of the Dungeon.
You visited 1 branch of the dungeon, and saw 6 of its levels.
You also visited: Ossuary.

You collected 3927 gold pieces.

Inventory:

Missiles
 d - a throwing net {!f}
Armour
 a - a +0 robe (worn)
 n - a +0 pair of gloves (worn)
Magical Staves
 p - a staff of earth (weapon)
Scrolls
 c - 3 scrolls of amnesia {unknown}
 f - 2 scrolls of blinking {unknown}
 h - 2 scrolls of enchant armour {unknown}
 l - a scroll of poison {unknown}
 t - 3 scrolls of vulnerability {unknown}
 u - 2 scrolls of magic mapping {unknown}
 w - 2 scrolls of silence {!r}
 y - a scroll of butterflies {unknown}
 z - a scroll of fog {unknown}
Potions
 b - a potion of magic
 g - 3 potions of might {unknown}
 i - 5 potions of curing
 j - a potion of invisibility {unknown}
 k - a potion of brilliance {unknown}
 m - a potion of mutation
 o - 2 potions of cancellation {unknown}
 q - 4 potions of attraction {unknown}
 r - 2 potions of flight {unknown}
 s - a potion of heal wounds {unknown}
 v - a potion of degeneration {unknown}
 x - a potion of berserk rage {unknown}
 A - a potion of ambrosia {unknown}
 B - a potion of lignification {unknown}
 C - a potion of haste {unknown}


   Skills:
 - Level 2.4 Dodging
 - Level 1.4 Stealth
 * Level 9.9 Spellcasting
 + Level 6.7 Transmutations
 * Level 10.1 Earth Magic


You had 22 spell levels left.
You knew the following spells:

 Your Spells              Type           Power      Damage    Failure   Level
a - Sandblast             Erth           100%       2d20      1%          1
b - Passwall              Tmut/Erth      65%        N/A       1%          2
c - Stone Arrow           Conj/Erth      100%       3d13      1%          3

Your spell library contained the following spells:

 Spells                   Type           Power      Damage    Failure   Level
 Petrify                  Tmut/Erth      78%        N/A       1%          4
 Cigotuvi's Dreadful Rot  Necr/Pois/Air  28%        N/A       5%          2
 Poisonous Vapours        Pois/Air       28%        N/A       5%          2
 Mephitic Cloud           Conj/Pois/Air  14%        N/A       11%         3
 Dispel Undead            Necr           14%        3d10      34%         4
 Freezing Cloud           Conj/Ice/Air   7%         6-21      69%         5
 Death Channel            Necr           7%         N/A       99%         6


Dungeon Overview and Level Annotations

Branches:
Dungeon (6/15) Zot: 804    Temple (0/1) D:4         Ossuary (visited)

Altars:
Elyvilon
Qazlal

Shops:
D:6 :

Annotations:
D:3 3 runed translucent doors


Innate Abilities, Weirdness & Mutations

You passively map the area around you.
You are easily found by Zot.
You glow in the dark.
You regain HP and MP as you explore.
You are partially covered in iridescent scales. (AC +2)
Your mind is very acute. (Int +8, Str/Dex -2)
You are robust. (+10% HP)
You expend magic power (3 MP) to strengthen your wands.
You passively dampen the noise of your surroundings.


Message History

Moving in this stuff is going to be slow.
There is a stone staircase leading down here.
Done exploring.
Search for what [Enter for "."]?
Okay, then.
You see here a black potion.
As you read the scroll labelled ISYPAI JAGUE, it crumbles to dust.
It is a scroll of identify. a potion of curing You see here a scroll labelled IFI GOMEFINOI.
Okay, then.
You see here a scroll labelled CISOMOZOOG.
Okay, then.
You see here a scroll labelled CISOMOZOOG.
As you read the scroll of identify {@r1}, it crumbles to dust. a scroll of immolation You see here a scroll labelled IFI GOMEFINOI.
As you read the scroll of identify {@r1}, it crumbles to dust. a scroll of enchant weapon You see here a scroll labelled TEOFOFEBOZ.
As you read the scroll of identify {@r1}, it crumbles to dust. a scroll of silence You see here a +0 dagger.
Items here: ( )) [.
There is an open door here.
You see here a +0 mace.
You see here an amethyst potion.
You see here a +0 mace.
There is an open door here.
There is an open door here.
You see here a scroll labelled UXA HENGOUW.
There is an open door here.
There is an open door here.
You see here a scroll labelled FUMID ZOUPUDAA.
You see here a scroll of enchant weapon.
You see here a scroll labelled LIUSUMI EGYUN.
There is an open door here.
Unknown command.
Unknown command.
Are you sure you want to abandon this character and quit the game? (Confirm with "yes".)

#.....$..###....###########.~~~~.
.........'...................♣♣~.
..?..?...###.##########.....#♣♣~.
...##'#### #.................~♣~.
#####.# ######.############.#♣♣P.
#.....###...##....###...###..~~~.
#.######.....##...##.....##.♣♣P≈.
#.# #.......#...#...)...#$♣♣P~.
#.# #..?....'.@.'....$..#.~♣~~.
#.# #.......#...#.......#.#♣♣~.
#.# ##.....##...##.....##.#.♣P.
#.# ##...###...###...###.#.#~.
#.# ##### #...# #######.#.... #.#
##...###...###...##....... #.#
##.....##...##.....##....♣~ #.#
#.......#...#.......#.#..~~ #.#
#..[.)..'...'....(..#)#..#~


There were no monsters in sight!

Vanquished Creatures
  An orc warrior (D:6)
  A black bear (D:6)
  An ice beast (D:6)
  A sky beast (D:6)
  2 hornet zombies (Ossuary)
  A bullfrog (D:6)
  5 scorpions
  2 wyvern zombies (Ossuary)
  2 water moccasin zombies (Ossuary)
  5 electric eels (D:6)
  A howler monkey (D:6)
  3 bullfrog zombies (Ossuary)
  2 centaur zombies (Ossuary)
  A gnoll bouda (D:6)
  2 jellies
  5 orc priests (D:6)
  A hound (D:6)
  An iguana (D:6)
  2 sleepcaps
  2 orc wizards (D:6)
  3 killer bee zombies (Ossuary)
  16 mummies
  2 howler monkey zombies (Ossuary)
  5 gnolls (D:6)
  5 adders
  A shadow imp (D:5)
  An ufetubus (D:6)
  A worm (D:3)
  12 orcs (D:6)
  2 ball pythons
  2 bats
  An endoplasm (D:2)
  4 giant cockroaches
  2 goblins (D:4)
  4 hobgoblins
  6 jackals
  A kobold (D:4)
  2 quokkas
  A frilled lizard (D:1)
  A goblin zombie (D:4)
  An orc zombie (D:4)
  3 rats
117 creatures vanquished.

Notes
Turn   | Place    | Note
-------+----------+-------------------------------------------
     0 | D:1      | Psyclone the Meteoran Earth Elementalist began the quest
                  | for the Orb.
     0 | D:1      | Reached XP level 1. HP: 14/14 MP: 5/5
    64 | D:1      | Identified 3 scrolls of acquirement
    64 | D:1      | Acquired 1248 gold pieces
    65 | D:1      | Acquired 1275 gold pieces
    88 | D:1      | Acquired 1252 gold pieces
   159 | D:1      | Reached XP level 2. HP: 20/20 MP: 3/6
   193 | D:1      | Gained mutation: You are partially covered in iridescent
                  | scales. (AC +2) [potion of mutation]
   193 | D:1      | Gained mutation: You expend magic power (3 MP) to
                  | strengthen your wands. [potion of mutation]
   193 | D:1      | Gained mutation: You have hidden genetic potential. [potion
                  | of mutation]
   193 | D:1      | Gained mutation: You have great hidden genetic potential.
                  | [potion of mutation]
   282 | D:2      | Reached skill level 4 in Earth Magic
   301 | D:2      | Reached XP level 3. HP: 26/26 MP: 6/8
   325 | D:2      | Reached XP level 4. HP: 33/33 MP: 5/10
   328 | D:2      | Learned a level 2 spell: Passwall
   328 | D:2      | Gained mutation: You passively dampen the noise of your
                  | surroundings. [hidden potential]
   332 | D:2      | Learned a level 3 spell: Stone Arrow
   460 | D:3      | Found a runed translucent gate.
   460 | D:3      | Found a runed translucent gate.
   460 | D:3      | Found a runed translucent gate.
   527 | D:4      | Noticed a scorpion
   532 | D:4      | Killed a scorpion
   533 | D:4      | Reached skill level 5 in Earth Magic
   533 | D:4      | Reached XP level 5. HP: 38/38 MP: 8/12
   534 | D:4      | Gained mutation: You are robust. (+10% HP) [hidden
                  | potential]
   534 | D:4      | Lost mutation: You have great hidden genetic potential.
                  | [hidden potential expressed]
   588 | D:4      | Found a white marble altar of Elyvilon.
   600 | D:4      | Reached XP level 6. HP: 49/49 MP: 12/14
   676 | D:4      | Found a staircase to the Ecumenical Temple.
   692 | D:4      | Found a stormy altar of Qazlal.
   750 | D:4      | Found a sand-covered staircase.
   755 | Ossuary  | Entered an ossuary
   763 | Ossuary  | Reached skill level 5 in Spellcasting
   772 | Ossuary  | Gained mutation: Your mind is acute. (Int +4, Str/Dex -1)
                  | [hidden potential]
   776 | Ossuary  | Reached skill level 6 in Earth Magic
   776 | Ossuary  | Reached XP level 7. HP: 44/55 MP: 6/16
   904 | Ossuary  | Gained mutation: Your mind is very acute. (Int +8, Str/Dex
                  | -2) [hidden potential]
   904 | Ossuary  | Lost mutation: You have hidden genetic potential. [hidden
                  | potential expressed]
   970 | Ossuary  | Reached skill level 7 in Earth Magic
   970 | Ossuary  | Reached XP level 8. HP: 52/62 MP: 4/18
  1209 | Ossuary  | Reached skill level 5 in Transmutations
  1209 | Ossuary  | Reached skill level 8 in Earth Magic
  1214 | Ossuary  | Glimpsed the power of Zot.
  1242 | D:5      | Entered Level 5 of the Dungeon
  1328 | D:5      | Gained mutation: You passively map the area around you.
                  | [Meteoran growth]
  1328 | D:5      | Reached XP level 9. HP: 67/68 MP: 18/21
  1546 | D:6      | Reached skill level 9 in Earth Magic
  1672 | D:6      | Found Xixtot's Book Boutique.
  2145 | D:6      | Reached skill level 10 in Earth Magic
  2150 | D:6      | Reached XP level 10. HP: 75/75 MP: 22/24
  2525 | D:6      | Found Xixtot's Book Boutique.
  3181 | D:6      | Quit the game

Illustrated notes

Levels and vault maps discovered:
D:1:      spicycebolla_arrival_ecumenical, layout_loops_ring
D:2:      layout_basic
D:3:      layout_rooms, mainiacjoe_overflow_paths, gammafunk_ghost_necromancy
D:4:      layout_rooms, tso_metal_star, mainiacjoe_overflow_catwalk,
          elyvilon_altar_5, minmay_temple_entry_stoned_glass,
          nicolae_ossuary_entry_giza, minmay_misc_feat_square, minivault_4
D:5:      layout_basic
D:6:      kennysheep_six_static_rooms, layout_basic, serial_shops,
          nicolae_shop_stone, serial_bayou_lagoon_b

Skill      XL: |  1  2  3  4  5  6  7  8  9 |
---------------+----------------------------+-----
Spellcasting   | 3 4 5 6 7 9 |  9.9
Earth Magic    | 4 5 6 7 8 10 | 10.1
Transmutations | 2 3 4 5 6 |  6.7
Dodging        | |  2.4
Stealth        | |  1.4

Action                     |  1- 3 |  4- 6 |  7- 9 | 10-12 || total
---------------------------+-------+-------+-------+-------++-------
  Melee: Staff             |       |       |     1 |       ||     1
   Cast: Sandblast         |    13 |    41 |   122 |     4 ||   180
         Passwall          |       |     4 |       |       ||     4
    Use: Scroll            |     3 |       |       |     4 ||     7
         Potion            |     1 |       |       |       ||     1
 Armour: Robe              |       |     3 |    14 |       ||    17
  Dodge: Dodged            |     1 |     3 |    29 |       ||    33
